 Dungeon Crawl Stone Soup version 0.26.1-10-gdfb7c7de75 (webtiles) character file.

Game seed: 3840359768140926465

77 Eitelfritz the Covered (level 4, 0/40 HPs)
             Began as a Hill Orc Fighter on Apr 11, 2021.
             Slain by a scorpion (4 damage)
             ... on level 4 of the Dungeon.
             The game lasted 00:05:41 (2585 turns).

Eitelfritz the Covered (Hill Orc Fighter)           Turns: 2585, Time: 00:05:41

Health: 0/40       AC:  7    Str: 25    XL:     4   Next: 34%
Magic:  4/4        EV:  7    Int:  8    God:
Gold:   216        SH: 10    Dex: 10    Spells: 3/3 levels left

rFire    . . .     SeeInvis .   a - +0 long sword
rCold    . . .     Faith    .   c - +0 kite shield
rNeg     . . .     Spirit   .   b - +0 scale mail
rPois    .         Reflect  .   (no helmet)
rElec    .         Harm     .   (no cloak)
rCorr    .         Rampage  .   (no gloves)
Will     .....                  (no boots)
Stlth    ..........             r - amulet of regeneration
HPRegen  0.53/turn              h - +6 ring of strength
MPRegen  0.09/turn              (no ring)

@: mighty
A: no striking features
a: no special abilities


You were on level 4 of the Dungeon.
You visited 1 branch of the dungeon, and saw 4 of its levels.

You collected 216 gold pieces.

Inventory:

Hand Weapons
 a - a +0 long sword (weapon)
Missiles
 i - 114 stones
 m - 49 poisoned darts (quivered)
 s - 2 curare-tipped darts
Armour
 b - a +0 scale mail (worn)
 c - a +0 kite shield (worn)
 j - a +0 plate armour
Jewellery
 h - a +6 ring of strength (left hand)
 r - an amulet of regeneration (around neck)
Scrolls
 g - 2 scrolls of identify
 n - a scroll of immolation
 p - a scroll of remove curse
Potions
 k - a potion of cancellation
 q - a potion of brilliance


   Skills:
 + Level 4.0 Fighting
 + Level 3.2 Long Blades
 + Level 4.0 Armour
 + Level 4.0 Shields


You had 3 spell levels left.
You didn't know any spells.
Your spell library was empty.

Dungeon Overview and Level Annotations

Branches:
Dungeon (4/15)
 Temple: D:4-7

Altars:
Ashenzari
Cheibriados


Message History

You barely miss the scorpion.
You feel sick. The hound barely misses you. You block the scorpion's attack.
The hound bites you but does no damage. The worm bites you!
* * * LOW HITPOINT WARNING * * *
The frilled lizard bites you but does no damage.
Unknown command.
You feel better. The hound bites you.
* * * LOW HITPOINT WARNING * * *
The scorpion closely misses you. You block the frilled lizard's attack.
You block the hound's attack. The worm bites you!
* * * LOW HITPOINT WARNING * * *
You feel very mighty all of a sudden.
The scorpion stings you but does no damage.
A leopard gecko skeleton comes into view.
The hound bites you but does no damage.
The frilled lizard completely misses you.
You slash the scorpion!
The scorpion is almost dead.
You block the hound's attack. The scorpion stings you.
You die...

#.........
#........(
#........
#.......
#.....###
##....##
######...#.O###
....#....$#sl.#
.........Ow@..#
(.........h####
...........#
..........##
....#(....##
##.#...<...#
#.#.......# #
#.(.....#
..#.....##


You could see 2 ogres, a worm, a scorpion, a hound and a frilled lizard.

Vanquished Creatures
  An adder (D:2)
  An ooze (D:1)
  A worm (D:2)
  3 dart slugs (D:2)
  2 leopard geckos (D:1)
  An orc (D:3)
  3 giant cockroaches
  6 goblins
  8 hobgoblins
  A quokka (D:3)
  A ball python (D:2)
  5 bats
  3 frilled lizards
  7 kobolds
  8 rats
51 creatures vanquished.

Notes
Turn   | Place    | Note
-------+----------+-------------------------------------------
     0 | D:1      | Eitelfritz the Hill Orc Fighter began the quest for the
                  | Orb.
     0 | D:1      | Reached XP level 1. HP: 19/19 MP: 1/1
   168 | D:1      | Reached XP level 2. HP: 27/27 MP: 2/2
   393 | D:1      | Reached XP level 3. HP: 25/33 MP: 3/3
  1346 | D:2      | Found a broken altar of Ashenzari.
  1346 | D:2      | Found a snail-covered altar of Cheibriados.
  1355 | D:2      | Reached XP level 4. HP: 39/40 MP: 4/4
  1388 | D:2      | You fall into a shaft and drop 1 floor!
  2507 | D:4      | Noticed an ogre
  2559 | D:4      | Noticed an ogre
  2585 | D:4      | Slain by a scorpion

Illustrated notes

Levels and vault maps discovered:
D:1:      nzn_arrival_depleted_hourglass, layout_loops_ring,
          chequers_serial_rivers_small_b
D:2:      layout_loops_cross, grunt_temple_overflow_open
D:3:      layout_loops_ring
D:4:      layout_rooms, nicolae_underground_beach, uniq_eustachio

Skill      XL: |  1  2  3  4 |
---------------+-------------+-----
Armour         | 4 |  4.0
Long Blades    | 3 |  3.2
Fighting       | 4 |  4.0
Shields        | 4 |  4.0

Action                   |  1- 3 |  4- 6 || total
-------------------------+-------+-------++-------
Melee: Long sword        |   115 |    66 ||   181
Throw: Dart              |       |     2 ||     2
  Use: Scroll            |       |     8 ||     8
       Potion            |       |     2 ||     2
Armor: Scale mail        |    45 |    34 ||    79
Dodge: Dodged            |    39 |    30 ||    69
Block: Kite shield       |    58 |    52 ||   110
       Rpst.: Long sword |    11 |     9 ||    20
